Map: Neon Violet Square LE

Players

Fimi - Winner!

  • Race: Zerg Zerg
  • Spawn Location: 5:00

DonRasspe

  • Race: Protoss Protoss
  • League: Diamond
  • Spawn Location: 11:00

VOD

Have the link to the VOD?

Description

Time

  • Played on: Feb. 14, 2018, 5:28 p.m.
  • Length: 11:09
Show
View Real Time Build Order
Export as new Build Order

Fimi Zerg - Winner!

Build Orders: Hatch First 

Get SALT Encoding   

  12  0:01  Drone  
  13  0:14  Overlord  
  13  0:18  Drone  
  14  0:32  Drone x2  
  16  0:36  Drone  
  17  0:54  Hatchery  
  16  0:57  Drone  
  16  1:01  Drone  
  18  1:05  Extractor  
  18  1:09  Drone  
  18  1:20  Spawning Pool  
  17  1:29  Drone  
  18  1:35  Drone  
  19  1:41  Drone  
  20  1:50  Overlord  
  20  2:08  Queen  
  20  2:09  Zergling x2, Queen  
  20  2:11  Zergling x2  
  20  2:14  Drone  
  27  2:17  Drone  
  28  2:36  Hatchery  
  27  2:38  Drone x2  
  27  2:42  Overlord  
  29  2:48  Drone x2  
  31  2:56  Drone x2  
  33  3:02  Drone  
  34  3:06  Drone  
  34  3:11  Overlord  
  35  3:18  Drone x2  
  35  3:19  Drone x4  
  41  3:22  Drone  
  42  3:33  Zergling x4  
  43  3:38  Overlord  
  43  3:41  Drone  
  44  3:53  Drone x3  
  47  3:56  Drone  
  47  3:57  Drone x4  
  47  3:59  Extractor  
  47  4:00  Extractor, Queen  
  52  4:04  Drone x2  
  52  4:09  Drone  
  55  4:13  Drone x2  
  57  4:27  Overlord x2  
  57  4:33  Lair  
  57  4:38  Roach Warren  
  56  4:40  Drone  
  56  4:45  Drone x2  
  58  4:46  Evolution Chamber, Drone x4  
  58  4:50  Drone  
  58  4:51  Drone x3  
  66  5:05  Spore Crawler  
  65  5:13  Drone x3  
  65  5:14  Drone x5  
  73  5:15  Overlord x2  
  73  5:16  Overlord  
  73  5:30  Glial Reconstitution  
  73  5:32  Zerg Missile Weapons Level 1  
  73  5:34  Drone x3  
  76  5:38  Roach x4  
  76  5:39  Roach  
  86  5:44  Roach x4  
  86  5:46  Spine Crawler x2  
  92  5:54  Overlord x3  
  92  6:05  Overlord x2  
  92  6:15  Roach x6  
  92  6:16  Roach  
  106  6:27  Roach  
  106  6:28  Roach x4  
  116  6:35  Spine Crawler, Roach  
  116  6:36  Roach x3  
  116  6:37  Overlord, Spine Crawler  
  116  6:38  Spine Crawler  
  116  6:39  Hatchery  
  120  6:52  Roach x3  
  120  7:04  Overseer  
  120  7:07  Hatchery  
  113  7:23  Hydralisk Den  
  113  7:27  Overlord x3  
  113  7:28  Roach x4  
  113  7:29  Roach  
  122  7:30  Zerg Missile Weapons Level 2  
  117  7:47  Roach  
  117  7:48  Roach x4  
  117  7:50  Zergling x2  
  117  7:51  Zergling x4  
  122  8:04  Roach  
  122  8:05  Roach x2  
  120  8:10  Queen  
  120  8:16  Zergling x4  
  120  8:18  Overseer  
  122  8:25  Hatchery  
  121  8:35  Spine Crawler x2  
  115  8:43  Extractor  
  115  8:44  Extractor  
  111  8:49  Extractor  
  111  8:50  Hydralisk  
  111  8:51  Hydralisk x5  
  111  8:53  Zergling x2  
  111  8:54  Zergling x8  
  123  9:10  Hydralisk  
  123  9:11  Drone, Hydralisk  
  119  9:25  Roach  
  119  9:26  Roach x4  
  129  9:42  Roach x2  
  129  9:43  Roach x2  
  137  9:47  Roach  
  137  9:48  Roach x6  
  137  9:49  Overlord x3  
  137  9:50  Overlord x2  
  151  9:53  Ravager  
  152  10:05  Extractor, Ravager  
  152  10:07  Zergling x10  
  152  10:08  Zergling x10  
  152  10:11  Zergling x2  
Show
View Real Time Build Order
Export as new Build Order

DonRasspe Protoss 

Build Orders: 1 Gate Expand 

Get SALT Encoding   

  12  0:01  Probe  
  13  0:13  Probe  
  14  0:18  Pylon  
  14  0:25  Probe (Chrono Boost)  
  15  0:37  Probe (Chrono Boost)  
  16  0:45  Probe (Chrono Boost)  
  16  0:48  Gateway  
  17  0:51  Probe (Chrono Boost)  
  18  1:03  Probe (Chrono Boost)  
  20  1:11  Probe (Chrono Boost)  
  20  1:20  Nexus  
  20  1:22  Probe  
  21  1:28  Assimilator  
  21  1:34  Probe  
  21  1:39  Cybernetics Core  
  22  1:46  Pylon  
  22  1:48  Probe  
  23  1:55  Assimilator  
  23  2:04  Probe  
  24  2:12  Stalker (Chrono Boost)  
  26  2:16  Probe  
  28  2:32  Probe x2 (Chrono Boost)  
  28  2:37  Robotics Facility  
  29  2:41  Probe (Chrono Boost)  
  29  2:43  Probe (Chrono Boost)  
  31  2:45  Stalker  
  31  2:46  Probe (Chrono Boost)  
  34  2:52  Probe  
  34  2:53  Warp Gate  
  34  2:58  Probe  
  37  3:06  Probe (Chrono Boost)  
  37  3:10  Probe (Chrono Boost)  
  38  3:15  Stalker  
  42  3:20  Pylon  
  42  3:21  Probe x2 (Chrono Boost)  
  42  3:22  Assimilator  
  42  3:24  Observer  
  42  3:25  Probe (Chrono Boost)  
  43  3:28  Probe, Assimilator  
  45  3:35  Gateway  
  45  3:36  Gateway  
  45  3:43  Gateway  
  45  3:50  Immortal  
  45  3:52  Stalker (Chrono Boost)  
  51  4:09  Probe (Chrono Boost)  
  53  4:10  Probe (Chrono Boost)  
  53  4:21  Probe (Chrono Boost)  
  54  4:26  Pylon  
  54  4:27  Pylon  
  54  4:35  Twilight Council  
  54  4:38  Forge  
  54  4:41  Immortal (Chrono Boost)  
  54  4:44  Probe x2  
  60  4:56  Probe x2  
  60  4:58  Sentry x2  
  60  4:59  Sentry x2  
  70  5:04  Pylon  
  70  5:07  Pylon  
  70  5:09  Protoss Ground Weapons Level 1 (Chrono Boost)  
  70  5:14  Charge, Forge  
  70  5:23  Zealot x4  
  78  5:34  Pylon  
  78  5:41  Probe x2  
  79  5:44  Nexus  
  79  5:51  Protoss Ground Armor Level 1 (Chrono Boost)  
  79  5:56  Pylon  
  79  5:58  Pylon  
  79  6:04  Adept x3  
  79  6:05  Adept  
  87  6:14  Immortal  
  87  6:16  Probe x2  
  93  6:21  Pylon  
  93  6:55  Probe  
  93  6:56  Probe x2  
  93  6:59  Observer (Chrono Boost)  
  93  7:00  Stalker x4  
  93  7:01  Protoss Ground Weapons Level 2 (Chrono Boost)  
  105  7:03  Blink (Chrono Boost)  
  105  7:08  Probe x3  
  108  7:20  Probe x2  
  102  7:49  Probe x3  
  99  8:01  Probe x3  
  99  8:03  Stalker x2  
  99  8:04  Stalker x2  
  100  8:06  Immortal (Chrono Boost)  
  100  8:10  Robotics Facility  
  100  8:12  Robotics Facility  
  90  8:13  Probe x2  
  90  8:14  Probe  
  90  8:16  Robotics Bay, Assimilator  
  90  8:19  Pylon  
  93  8:20  Assimilator  
  93  8:21  Pylon  
  93  8:28  Stalker x2  
  93  8:29  Stalker x2  
  93  8:31  Immortal (Chrono Boost)  
  105  8:45  Probe x2  
  105  8:46  Probe  
  108  8:50  Gateway  
  108  8:52  Gateway, Stalker  
  108  8:53  Stalker x3  
  108  8:54  Gateway  
  114  9:11  Immortal x2  
  114  9:12  Immortal  
  126  9:25  Stalker x2  
  126  9:26  Stalker x2  
  134  9:34  Probe x2  
  134  9:35  Probe  
  137  9:45  Pylon  
  137  9:50  Immortal  
  141  9:59  Nexus  
  141  10:02  Assimilator  
  141  10:05  Assimilator  
  141  10:08  Pylon  
  141  10:10  Zealot x3  
  141  10:11  Zealot, Pylon  
  141  10:13  Pylon  
  149  10:16  Templar Archives  
  149  10:17  Pylon  
Tags
 
Add a new tag
Caveats
  • Supply blocks, unpowered buildings, or Contaminate may cause inaccurate times.
  • Supply counts are checked every 10 seconds.